 Dungeon Crawl Stone Soup version 0.24-b1-44-g37ad8b309f (webtiles) character file.

Game seed: 8993979630787784742, levelgen mode: deterministic

49 Emblim88 the Grasshopper (level 3, 0/29 HPs)
             Began as a Naga Warper on Oct 24, 2019.
             Succumbed to an adder's poison
             ... on level 2 of the Dungeon.
             The game lasted 00:05:08 (1398 turns).

Emblim88 the Grasshopper (Naga Warper)              Turns: 1398, Time: 00:05:09

Health: 0/29       AC:  4    Str: 15    XL:     3   Next: 75%
Magic:  6/6        EV:  7    Int: 13    God:
Gold:   67         SH:  7    Dex: 11    Spells: 6/6 levels left

rFire    . . .     SeeInvis +   a - +0 mace
rCold    . . .     Gourm    .   j - +0 shield
rNeg     . . .     Faith    .   b - +0 leather armour
rPois    +         Spirit   .   g - +0 helmet
rElec    .         Reflect  .   (no cloak)
rCorr    .         Harm     .   m - +0 pair of gloves
MR       .....     Clarity  +   (no barding)
Stlth    ++........             (no amulet)
HPRegen  0.09/turn              (no ring)
MPRegen  0.10/turn              (no ring)

@: lethally poisoned (0 -> -11), very slow
A: large, see invisible, clarity, deformed body, frail 1, poison resistance,
slowness 2, slow metabolism 1, spit poison 1, strong 1, AC +1
a: Spit Poison


You were on level 2 of the Dungeon.
You were hungry.

You visited 1 branch of the dungeon, and saw 2 of its levels.

You collected 67 gold pieces.

Inventory:

Hand Weapons
 a - a +0 mace (weapon)
 h - a +0 dagger of speed
Missiles
 e - 5 boomerangs of dispersal (quivered)
Armour
 b - a +0 leather armour (worn)
 g - a +0 helmet (worn)
 j - a +0 shield (worn)
 m - a +0 pair of gloves (worn)
Scrolls
 c - a scroll of teleportation
 d - a scroll of blinking
Potions
 l - a potion of invisibility
Comestibles
 f - 3 rations


   Skills:
 + Level 2.4 Fighting
 - Level 2.1 Maces & Flails
 - Level 0.8 Throwing
 + Level 1.2 Armour
 + Level 1.9 Dodging
 * Level 2.7 Stealth
 * Level 0.8 Shields
 - Level 2.0 Spellcasting
   Level 3.0 Translocations


You had 6 spell levels left.
You didn't know any spells.
Your spell library contained the following spells:

 Spells                   Type           Power        Failure   Level  Hunger
 Blink                    Tloc           N/A          63%         2    ###....
 Shroud of Golubria       Chrm/Tloc      #.....       83%         2    ###....
 Gell's Gravitas          Tloc           #.........   85%         3    ####...
 Lesser Beckoning         Tloc           #.........   85%         3    ####...
 Teleport Other           Tloc           #.......     85%         3    ####...
 Passage of Golubria      Tloc           N/A          99%         4    #####..


Dungeon Overview and Level Annotations

Branches:
Dungeon (2/15)

Altars:
Hepliaklqana


Innate Abilities, Weirdness & Mutations

You cannot wear boots.
Your serpentine skin is tough. (AC +1)
You have supernaturally acute eyesight. (SInv)
Armour fits poorly on your strangely shaped body.
Your system is resistant to poisons. (rPois)
You cover ground very slowly.
You have a slow metabolism.
You can spit poison.
You possess an exceptional clarity of mind.
You are frail. (-10% HP)
Your muscles are strong. (Str +2)


Message History

The adder is severely wounded.
The adder bites you but does no damage.
You barely miss the adder.
The adder is severely wounded.
The adder bites you.
* * * LOW HITPOINT WARNING * * *
You are lethally poisoned!
The adder poisons you! The adder bites you.
* * * LOW HITPOINT WARNING * * *
You closely miss the adder.
The adder is heavily wounded.
* * * LOW HITPOINT WARNING * * *
You feel sick. The adder bites you but does no damage. The adder bites you.
* * * LOW HITPOINT WARNING * * *
You are more poisoned.
The adder poisons you!
Unknown command.
You hit the adder.
The adder is almost dead.
You die...

..#...#....#
.....K...[.#
#....# #.# #.#.##
#.# #.#.# ###.#
#.#÷# ..#.# #.#.#
#.#.###### #.#S#
....#....# #.#@#
....#....# #>#.#
...<#.._.# #.#:#
..†.#....#####.#.#
....=....'.....#.#
#####....#######.#
###### #.# #.# #.#


You could see an adder.

Vanquished Creatures
  An adder (D:2)
  A leopard gecko (D:1)
  3 ball pythons
  2 giant cockroaches (D:1)
  6 goblins
  3 hobgoblins (D:1)
  3 jackals
  5 kobolds
  A bat (D:1)
  2 frilled lizards (D:1)
  8 rats
35 creatures vanquished.

Notes
Turn   | Place    | Note
-------+----------+-------------------------------------------
     0 | D:1      | Emblim88 the Naga Warper began the quest for the Orb.
     0 | D:1      | Reached XP level 1. HP: 19/19 MP: 3/3
   224 | D:1      | Reached skill level 1 in Stealth
   241 | D:1      | Reached XP level 2. HP: 7/26 MP: 5/5
   247 | D:1      | Reached skill level 1 in Armour
   798 | D:1      | Reached XP level 3. HP: 29/32 MP: 6/6
  1059 | D:2      | Found a hazy altar of Hepliaklqana.
  1124 | D:2      | Gained mutation: You are frail. (-10% HP) [potion of
                  | mutation]
  1124 | D:2      | Gained mutation: Your muscles are strong. (Str +2) [potion
                  | of mutation]
  1124 | D:2      | Gained mutation: You possess an exceptional clarity of
                  | mind. [potion of mutation]
  1397 | D:2      | HP: 1/29 [adder (1)]
  1398 | D:2      | Succumbed to an adder's poison

Skill      XL: |  1  2 |
---------------+-------+-----
Stealth        | 1 2 |  2.7
Armour         | 1 |  1.2
Fighting       | |  2.4
Maces & Flails | |  2.1
Throwing       | |  0.8
Dodging        | |  1.9
Shields        | |  0.8
Spellcasting   | |  2.0
Translocations | |  3.0

Action                   || total
-------------------------++-------
Melee: Dagger            ||    70
       Mace              ||    74
 Abil: Spit Poison       ||     1
  Use: Scroll            ||     4
       Potion            ||     2
Armor: Leather armour    ||    46
Dodge: Dodged            ||    59
Block: Shield            ||    27
